 Dungeon Crawl Stone Soup version 0.19.5 (webtiles) character file.

41320 sveltemanboy the Bludgeoner (level 13, -8/91 HPs)
             Began as a Demonspawn Monk on Mar 31, 2017.
             Was a High Priest of Yredelemnul.
             Killed by divine providence
             ... invoked by Saint Roka
              (19 damage)
             ... on level 2 of the Orcish Mines.
             The game lasted 00:55:32 (20102 turns).

sveltemanboy the Bludgeoner (Demonspawn Monk)      Turns: 20102, Time: 00:55:33

Health: -8/91      AC: 24    Str: 20    XL:     13   Next: 79%
Magic:  24/24      EV: 17    Int: 14    God:    Yredelemnul [*****.]
Gold:   1577       SH:  0    Dex: 23    Spells: 0 memorised, 12 levels left

rFire  + + .     SeeInvis .     a - +2 whip (elec)
rCold  . . .     Gourm    .     y - +1 scale mail
rNeg   . . .     Faith    .     (no shield)
rPois  +         Spirit   .     (helmet restricted)
rElec  .         Reflect  .     j - +2 cloak
rCorr  .         Harm     +     (no gloves)
MR     .....                    p - +3 pair of boots of the Jabberwock {rF+ Int+3}
Stlth  ++++......               M - amulet of harm
                                N - +5 ring of protection
                                F - ring of poison resistance

@: mighty, agile
A: horns 2, iridescent scales 2, fire resistance 1, nightstalker 2, flame cloud
immunity
a: Recall Undead Slaves, Injury Mirror, Animate Dead, Drain Life, Enslave Soul,
Renounce Religion


You were on level 2 of the Orcish Mines.
You worshipped Yredelemnul.
Yredelemnul was extremely pleased with you.
You were not hungry.

You visited 4 branches of the dungeon, and saw 19 of its levels.

You collected 1577 gold pieces.

Inventory:

Hand Weapons
 a - a +2 whip of electrocution (weapon)
 d - a +0 great mace
Armour
 j - a +2 cloak (worn)
 p - the +3 pair of boots of the Jabberwock (worn) {rF+ Int+3}
   (You found it on level 6 of the Dungeon)

   It affects your intelligence (+3).
   It protects you from fire.
 y - a +1 scale mail (worn)
Jewellery
 h - an uncursed ring of flight
 w - an uncursed ring of ice
 F - a ring of poison resistance (left hand)
 M - an amulet of harm (around neck)
 N - a +5 ring of protection (right hand)
Wands
 n - a wand of iceblast (5/15)
 u - a wand of iceblast (8/15)
 B - a wand of lightning (7/15)
 G - a wand of teleportation (3/9)
 H - a wand of acid (7/15)
 J - a wand of paralysis (8/24)
 P - a wand of iceblast (6/15)
 Q - a wand of polymorph (17/24)
 R - a wand of paralysis (4/24)
 U - a wand of slowing (14/48)
Scrolls
 f - 10 scrolls of identify
 i - 2 scrolls of enchant armour
 m - 5 scrolls of amnesia
 r - 13 scrolls of remove curse
 t - a scroll of blinking
 x - 4 scrolls of fear
 z - 5 scrolls of teleportation
 C - 2 scrolls of recharging
 I - 2 scrolls of fog
 S - a scroll of silence
 T - a scroll of summoning
 W - a scroll of magic mapping
Potions
 l - 6 potions of brilliance
 v - 4 potions of flight
 A - 2 potions of berserk rage
 D - 2 potions of lignification
 E - 2 potions of cancellation
 K - a potion of haste
Comestibles
 b - 13 fruits
 c - 15 bread rations
 g - 9 meat rations
 q - 3 chunks of flesh
 s - 9 slices of pizza


   Skills:
 - Level 5.0 Fighting
 * Level 15.4 Maces & Flails
   Level 4.1 Polearms
 - Level 5.0 Armour
 - Level 2.6 Dodging
 - Level 1.7 Stealth
 + Level 14.9 Invocations
 + Level 8.6 Evocations


You had 12 spell levels left.
You didn't know any spells.

Dungeon Overview and Level Annotations

Branches:
Dungeon (10/15)            Temple (1/1) D:7            Lair (6/6) D:10
 Shoals (0/4) Lair:2        Snake (0/4) Lair:3        Slime (0/5) Lair:6
    Orc (2/2) D:9             Elf (0/3) Orc:2

Altars:
Ashenzari
Cheibriados
Dithmenos
Elyvilon
Fedhas
Gozag
Hepliaklqana
Kikubaaqudgha
Makhleb
Nemelex Xobeh
Okawaru
Qazlal
Ru
Sif Muna
Trog
Uskayaw
Vehumet
Xom
Yredelemnul
Zin
The Shining One

Shops:
D:7 *   D:8 *

Annotations:
Orc:2 Saint Roka


Innate Abilities, Weirdness & Mutations

You have a pair of horns on your head.
You are mostly covered in iridescent scales. (AC +4)
Your flesh is heat resistant. (rF+)
You are significantly more attuned to the shadows.
You are immune to clouds of flame.


Message History

Saint Roka barely misses you.
There is an open door, spattered with blood here.
Things that are here:
2 bolts; a flail of draining; a leather armour You feel better.
Saint Roka hits you but does no damage.
You feel better. Saint Roka hits you but does no damage.
You feel very mighty all of a sudden.
Saint Roka invokes the aid of Beogh against you.
Beogh smites you!
* * * LOW HITPOINT WARNING * * *
Your warg zombie bites Saint Roka but does no damage.
You feel agile all of a sudden.
Saint Roka hits your warg zombie with an uncursed vampiric long sword!!
Your warg zombie is destroyed!
You whack Saint Roka!
Saint Roka is severely wounded.
Saint Roka mumbles some strange prayers to Beogh against you.
Beogh smites you!
You die...
Your body rises from the dead as a mindless zombie.

.. ... #...
#######....
##.#.....$.. #.#.8.
##...(.))..... #.#...
#....@o.......###.#...
#.###(#####....##.#'##
#.#.))# #..>..#.....
#.#(8.# #.....).)...
#Z#...# #.....)))...
#.###+# #...........
#.# #..Z......## #.#
#.#...))..## #.#
#.#........#


You could see Saint Roka.

Vanquished Creatures
  3 hydras (Lair:1)
  A centaur warrior (D:10)
  An orc high priest (Orc:2)
  2 death yaks (Lair:6)
  An unseen horror (D:10)
  A hill giant (D:10)
  A deep elf mage (D:10)
  6 elephants
  4 black mambas
  A gargoyle (D:10)
  9 spiny frogs
  A yaktaur (shapeshifter) (D:10)
  A rime drake (Lair:3)
  3 komodo dragons (Lair:2)
  Prince Ribbit (D:5)
  A troll (D:9)
  A blink frog (Lair:2)
  A slime creature (D:10)
  2 hippogriffs
  Sigmund (D:4)
  A wyvern (Lair:6)
  4 hogs (D:7)
  A human (D:7)
  20 yaks
  A hungry ghost (D:10)
  2 wargs (Orc:2)
  4 soldier ants (Lair:3)
  A naga (Lair:3)
  8 water moccasins
  11 porcupines
  3 ice beasts
  14 orc warriors
  A phantom (D:4)
  8 ogres
  11 wolves
  4 centaurs
  A big kobold (D:7)
  5 crocodiles
  16 bullfrogs
  2 scorpions (D:4)
  3 killer bees (D:8)
  5 wights (D:4)
  2 howler monkeys
  2 crimson imps (D:10)
  5 jellies
  3 bullfrog skeletons
  6 orc priests
  18 orc wizards
  4 iguanas
  3 hell rats (Lair:6)
  18 worker ants
  A killer bee zombie (D:8)
  3 hound skeletons
  A worker ant zombie (D:5)
  15 adders
  4 gnolls (D:7)
  2 shadow imps (D:9)
  2 oozes
  4 adder skeletons
  2 worms
  2 dart slugs
  8 leopard geckos
  50 orcs
  2 giant cockroaches
  11 goblins
  3 hobgoblins
  21 jackals
  10 kobolds
  3 quokkas
  7 bats
  8 frilled lizards
  A jackal skeleton (D:3)
  A leopard gecko zombie (D:7)
  A quokka zombie (D:9)
  7 rats
  5 plants
403 creatures vanquished.

Vanquished Creatures (collateral kills)
  2 hydras
  3 death yaks (Lair:6)
  A queen ant (Lair:3)
  An orc high priest (Orc:2)
  Sonja (Lair:2)
  5 hill giants (D:10)
  An orc knight (Orc:2)
  A lindwurm (Lair:6)
  2 orc sorcerers (Orc:2)
  An ugly thing (D:10)
  8 elephants
  A black mamba (Lair:3)
  4 spiny frogs
  2 komodo dragons
  2 polar bears
  3 trolls
  4 blink frogs (Lair:2)
  5 dream sheep (Lair:5)
  17 yaks
  2 hungry ghosts (D:10)
  2 wargs (D:10)
  6 soldier ants
  A naga (Lair:3)
  2 water moccasins
  2 porcupines
  9 orc warriors
  A black bear (Lair:3)
  A sky beast (D:9)
  A phantom (D:10)
  2 crocodiles (Lair:3)
  6 wolves
  3 bullfrogs
  A scorpion (D:8)
  3 killer bees
  4 electric eels
  4 jellies
  9 orc wizards
  3 orc priests
  4 hell rats (Lair:6)
  7 worker ants
  An ooze (Lair:6)
  15 orcs
  12 fungi
  43 plants
208 creatures vanquished.

Vanquished Creatures (others)
  A vampire knight (Orc:2)
  A skeletal warrior (Orc:2)
  A phantasmal warrior (Orc:2)
  A centaur zombie (D:10)
  3 death yak zombies (Lair:6)
  A hydra zombie (Lair:1)
  18 flying skulls
  A vampire (Orc:2)
  A black mamba zombie (Lair:2)
  A hill giant zombie (D:10)
  A hill giant skeleton (D:10)
  5 spiny frog zombies
  3 elephant zombies (Lair:6)
  A hippogriff zombie (Lair:6)
  A komodo dragon skeleton (Lair:2)
  2 warg zombies
  A water moccasin zombie (Lair:1)
  A yak zombie (Lair:6)
  A troll zombie (Orc:2)
  3 wights
  A yak skeleton (Lair:6)
  2 bullfrog zombies
  A soldier ant zombie (Lair:3)
  2 ogre zombies
  5 hell rat zombies (Lair:6)
  A mummy (Orc:2)
  A worker ant zombie (Lair:3)
  An electric eel zombie (Lair:5)
  An iguana zombie (D:9)
  11 orc zombies
  19 fungi
  10 plants
103 creatures vanquished.

Grand Total: 714 creatures vanquished

Notes
Turn   | Place    | Note
-------+----------+-------------------------------------------
     0 | D:1      | sveltemanboy the Demonspawn Monk began the quest for the Orb.
     0 | D:1      | Reached XP level 1. HP: 18/18 MP: 1/1
   416 | D:1      | Gained mutation: You have a pair of small horns on your head. [demonic ancestry]
   416 | D:1      | Reached XP level 2. HP: 13/24 MP: 2/2
   908 | D:1      | Reached skill level 1 in Armour
  1263 | D:2      | Gained mutation: You have a pair of horns on your head. [demonic ancestry]
  1263 | D:2      | Reached XP level 3. HP: 24/29 MP: 3/3
  2269 | D:3      | Reached skill level 1 in Evocations
  2289 | D:3      | Gained mutation: You are slightly more attuned to the shadows. [demonic ancestry]
  2289 | D:3      | Reached XP level 4. HP: 26/35 MP: 4/4
  2564 | D:3      | Found a faded altar of an unknown god.
  2616 | D:4      | Reached skill level 2 in Maces & Flails
  2616 | D:4      | Reached XP level 5. HP: 15/41 MP: 5/5
  2811 | D:4      | Reached skill level 3 in Maces & Flails
  2991 | D:4      | Reached XP level 6. HP: 27/47 MP: 6/6
  3164 | D:4      | Reached skill level 4 in Maces & Flails
  3432 | D:4      | Noticed Sigmund
  3473 | D:4      | Killed Sigmund
  3473 | D:4      | Reached skill level 5 in Maces & Flails
  3473 | D:4      | Gained mutation: You are partially covered in iridescent scales. (AC +2) [demonic ancestry]
  3473 | D:4      | Reached XP level 7. HP: 38/52 MP: 7/7
  3721 | D:4      | Reached skill level 6 in Maces & Flails
  4064 | D:5      | Entered Level 5 of the Dungeon
  4083 | D:5      | Reached skill level 7 in Maces & Flails
  4107 | D:5      | Gained mutation: You are mostly covered in iridescent scales. (AC +4) [demonic ancestry]
  4107 | D:5      | Reached XP level 8. HP: 50/58 MP: 8/8
  4548 | D:5      | Noticed Prince Ribbit
  4558 | D:5      | Killed Prince Ribbit
  4558 | D:5      | Reached skill level 8 in Maces & Flails
  4871 | D:5      | Found a shimmering altar of Xom.
  5150 | D:6      | Reached skill level 9 in Maces & Flails
  5237 | D:6      | Got a pair of pitted boots
  5243 | D:6      | Identified the +3 pair of boots of the Jabberwock {rF+ Int+3} (You found it on level 6 of the Dungeon)
  5937 | D:7      | Found a glowing silver altar of Zin.
  5938 | D:7      | Found Zin's Purification Station.
  6174 | D:7      | Reached skill level 10 in Maces & Flails
  6175 | D:7      | Reached XP level 9. HP: 63/63 MP: 9/9
  6271 | D:7      | Found a staircase to the Ecumenical Temple.
  6284 | Temple   | Entered the Ecumenical Temple
  6515 | Temple   | Became a worshipper of Yredelemnul the Dark
  6515 | Temple   | Reached * piety under Yredelemnul
  6515 | Temple   | Reached ** piety under Yredelemnul
  6742 | D:7      | Found an opulent altar of Gozag.
  6743 | D:7      | Found a sparkling altar of Nemelex Xobeh.
  6857 | D:7      | Reached skill level 1 in Invocations
  7302 | D:8      | Reached skill level 11 in Maces & Flails
  7357 | D:8      | Found an iron altar of Okawaru.
  7509 | D:8      | Found Quoffien's Demolitions Depot.
  8124 | D:8      | Reached skill level 5 in Invocations
  8495 | D:9      | Found a sacrificial altar of Ru.
  8616 | D:9      | Reached *** piety under Yredelemnul
  8717 | D:9      | Gained mutation: You are significantly more attuned to the shadows. [demonic ancestry]
  8717 | D:9      | Reached XP level 10. HP: 70/70 MP: 14/14
  8881 | D:9      | Found a staircase to the Orcish Mines.
  8945 | D:9      | Received a gift from Yredelemnul (3 flying skulls)
  9037 | D:9      | Reached skill level 12 in Maces & Flails
  9590 | D:10     | Entered Level 10 of the Dungeon
  9602 | D:10     | Found an opulent altar of Gozag.
  9622 | D:10     | Received a gift from Yredelemnul (a wight)
  9660 | D:10     | Found a staircase to the Lair.
  9740 | D:10     | Noticed a hill giant
  9752 | D:10     | Killed a hill giant
 10073 | D:10     | Noticed a hill giant
 10083 | D:10     | Killed a hill giant
 10120 | D:10     | Noticed a green ugly thing
 10129 | D:10     | Killed a green ugly thing
 10427 | D:10     | Killed an unseen horror
 10427 | D:10     | Reached skill level 13 in Maces & Flails
 10524 | D:10     | Noticed a hill giant
 10543 | D:10     | Killed a hill giant
 10548 | D:10     | Noticed a gargoyle
 10570 | D:10     | Killed a gargoyle
 10570 | D:10     | Gained mutation: Your flesh is heat resistant. (rF+) [demonic ancestry]
 10570 | D:10     | Reached XP level 11. HP: 40/75 MP: 15/17
 10573 | D:10     | Noticed a deep elf mage
 10583 | D:10     | Killed a deep elf mage
 10836 | D:10     | Noticed a centaur warrior
 10850 | D:10     | Killed a centaur warrior
 10904 | D:10     | Noticed a hill giant
 10912 | D:10     | Noticed a hill giant
 10913 | D:10     | Killed a hill giant
 10933 | D:10     | Killed a hill giant
 10933 | D:10     | Reached **** piety under Yredelemnul
 11100 | D:10     | Received a gift from Yredelemnul (a wight)
 11284 | D:10     | Noticed a hill giant
 11295 | D:10     | Killed a hill giant
 11295 | D:10     | Reached skill level 10 in Invocations
 11297 | D:10     | Reached skill level 14 in Maces & Flails
 11484 | Lair:1   | Entered Level 1 of the Lair of Beasts
 11486 | Lair:1   | Noticed a four-headed hydra
 11532 | Lair:1   | Killed a four-headed hydra
 11986 | Lair:1   | Noticed a six-headed hydra
 12148 | Lair:1   | Killed a six-headed hydra
 12226 | Lair:1   | Reached skill level 5 in Fighting
 12265 | Lair:1   | Received a gift from Yredelemnul (a mummy)
 12605 | Lair:1   | Gained mutation: You are immune to clouds of flame. [demonic ancestry]
 12605 | Lair:1   | Reached XP level 12. HP: 65/86 MP: 20/20
 12948 | Lair:1   | Noticed a four-headed hydra
 12958 | Lair:1   | Killed a four-headed hydra
 13242 | Lair:2   | Found a staircase to the Shoals.
 13318 | Lair:2   | Noticed Sonja
 13928 | Lair:2   | Killed Sonja
 13929 | Lair:2   | Received a gift from Yredelemnul (3 flying skulls)
 13989 | Lair:2   | Reached skill level 5 in Armour
 14127 | Lair:2   | Received a gift from Yredelemnul (5 flying skulls)
 14289 | Lair:3   | Noticed a queen ant
 14293 | Lair:3   | Reached ***** piety under Yredelemnul
 14293 | Lair:3   | Reached skill level 5 in Evocations
 14296 | Lair:3   | Killed a queen ant
 14452 | Lair:3   | Found a staircase to the Snake Pit.
 14558 | Lair:3   | Received a gift from Yredelemnul (a wight)
 15309 | Lair:4   | Noticed an eight-headed hydra
 15315 | Lair:4   | Killed an eight-headed hydra
 15414 | Lair:4   | Received a gift from Yredelemnul (4 flying skulls)
 16651 | Lair:5   | Reached XP level 13. HP: 91/91 MP: 23/23
 16775 | Lair:5   | Received a gift from Yredelemnul (3 flying skulls)
 17166 | Lair:6   | Entered Level 6 of the Lair of Beasts
 17368 | Lair:6   | Received a gift from Yredelemnul (a phantasmal warrior)
 17893 | Lair:6   | Received a gift from Yredelemnul (a vampire)
 18069 | Lair:6   | Reached skill level 15 in Maces & Flails
 18127 | Lair:6   | Found a staircase to the Slime Pits.
 18930 | Orc:1    | Entered Level 1 of the Orcish Mines
 18995 | Orc:1    | Received a gift from Yredelemnul (a skeletal warrior)
 19187 | Orc:2    | Entered Level 2 of the Orcish Mines
 19527 | Orc:2    | Received a gift from Yredelemnul (a vampire knight)
 19544 | Orc:2    | Noticed Saint Roka
 19949 | Orc:2    | Found a staircase to the Elven Halls.
 20102 | Orc:2    | Killed from afar by Saint Roka

Skill      XL: |  1  2  3  4  5  6  7  8  9 10 11 12 13 |
---------------+----------------------------------------+-----
Polearms       | 3 4 |  4.1
Armour         | 1 3 5 |  5.0
Evocations     | 1 6 8 |  8.6
Maces & Flails | 2 3 5 7 10 11 13 14 15 | 15.4
Invocations    | 5 8 11 13 14 | 14.9
Fighting       | 5 |  5.0
Dodging        | |  2.6
Stealth        | |  1.7

Action                   |  1- 3 |  4- 6 |  7- 9 | 10-12 | 13-15 || total
-------------------------+-------+-------+-------+-------+-------++-------
Melee: Spear             |   133 |     4 |       |       |       ||   137
       Headbutt          |     9 |    17 |    87 |   131 |   100 ||   344
       Whip              |       |   112 |   447 |   603 |   402 ||  1564
Invok: Animate Remains   |       |       |     4 |       |       ||     4
       Animate Dead      |       |       |     1 |    38 |    23 ||    62
       Recall Undead Sla |       |       |       |       |     1 ||     1
       Drain Life        |       |       |       |       |     1 ||     1
Evoke: Wand              |       |       |       |     9 |       ||     9
  Use: Potion            |       |     3 |       |     4 |    10 ||    17
       Scroll            |       |       |    19 |     3 |     6 ||    28
 Stab: Sleeping          |     8 |     2 |    11 |     9 |     4 ||    34
       Paralysed         |       |       |     1 |       |       ||     1
       Distracted        |       |       |       |    11 |     4 ||    15
  Eat: Chunk             |     4 |     4 |    18 |    30 |    15 ||    71
       Royal jelly       |       |       |       |     2 |       ||     2
       Beef jerky        |       |       |       |     1 |     3 ||     4
Armor: Robe              |     8 |     2 |       |       |       ||    10
       Scale mail        |       |    41 |   167 |   239 |   154 ||   601
Dodge: Dodged            |    46 |    41 |   126 |   163 |   146 ||   522
